 Dungeon Crawl Stone Soup version 0.29.1-15-g9cfb28693d (webtiles) character file.

Game seed: 3886348746869952066

142 vishdafish the Conjurer (level 5, 35/35 HPs)
             Began as a Demonspawn Conjurer on Mar 29, 2023.
             Quit the game on level 3 of the Dungeon.
             The game lasted 00:03:28 (4032 turns).

vishdafish the Conjurer (Demonspawn Conjurer)       Turns: 4032, Time: 00:03:29

Health: 35/35      AC:  2    Str:  7    XL:     5   Next: 4%
Magic:  10/10      EV: 12    Int: 24    God:
Gold:   170        SH:  4    Dex: 11    Spells: 10/11 levels left

rFire   . . .      SeeInvis .   h - +2 short sword (protect)
rCold   . . .      Faith    .   (no shield)
rNeg    . . .      Spirit   .   a - +0 robe
rPois   .          Reflect  .   (no helmet)
rElec   .          Harm     .   (no cloak)
rCorr   .          Rampage  .   (no gloves)
Will    .....                   (no boots)
Stlth   ++........              (no amulet)
HPRegen 0.11/turn               (no ring)
MPRegen 0.12/turn               (no ring)

@: no status effects
A: big brain 1, condensation shield, weakness stinger 2
a: no special abilities


You were on level 3 of the Dungeon.
You visited 1 branch of the dungeon, and saw 3 of its levels.

You collected 170 gold pieces.

Inventory:

Hand Weapons
 c - a +1 short sword of flaming
 h - a +2 short sword of protection (weapon)
Armour
 a - a +0 robe (worn)
Scrolls
 b - a scroll of enchant weapon {unknown}
 e - a scroll of enchant armour {unknown}
 f - a scroll of poison {unknown}
 g - a scroll of magic mapping {unknown}
 i - 2 scrolls of torment {unknown}
 j - a scroll of brand weapon {unknown}
 k - a scroll of noise {unknown}
Potions
 d - a potion of curing {unknown}


   Skills:
 - Level 2.0 Dodging
 - Level 2.0 Stealth
 + Level 3.6 Spellcasting
 + Level 5.2 Conjurations


You had 10 spell levels left.
You knew the following spells:

 Your Spells              Type           Power      Damage    Failure   Level
a - Magic Dart            Conj           100%       1d8       1%          1

Your spell library contained the following spells:

 Spells                   Type           Power      Damage    Failure   Level
 Searing Ray              Conj           58%        2d6       1%          2
 Dazzling Flash           Conj/Hex       32%        N/A       11%         3
 Fulminant Prism          Conj/Hex       8%         3d7       34%         4
 Iskenderun's Mystic Bla  Conj/Tloc      16%        2d5       34%         4


Dungeon Overview and Level Annotations

Branches:
Dungeon (3/15)

Altars:
Ashenzari
Gozag

Annotations:
D:3 1 runed translucent door, Crazy Yiuf


Innate Abilities, Weirdness & Mutations

You have an unusually large brain. (Int +2)
A meltable shield of frost defends you. (SH +4)
You have a tail ending in a sharp stinger.


Message History

You feel sick.
You feel sick.
You are no longer poisoned.
Things that are here:
a +0 short sword; 7 poisoned darts; a kobold corpse You see here a worm corpse.
Things that are here:
a +0 short sword; 7 poisoned darts; a kobold corpse You see here a +0 flail.
Things that are here:
a +0 flail; a +0 hand axe; a +0 ring mail An adder comes into view.
An adder is nearby!
An adder is nearby!
An adder is nearby!
The magic dart hits the adder.
The adder is moderately wounded.
The adder hisses angrily.
The magic dart hits the adder.
The adder is severely wounded.
The adder barely misses you. The adder bites you.
You are poisoned.
The adder poisons you!
The magic dart hits the adder!
You kill the adder!
You feel sick.
You have reached level 5!
Your demonic ancestry asserts itself...
Frost condenses into a shield before you.
You feel sick.
You feel sick.
You feel sick.
You are no longer poisoned.
Things that are here:
a +0 flail; a +0 hand axe; a +0 ring mail You see here 6 stones.
Crazy Yiuf shouts!
Crazy Yiuf glowers.
You see here a +0 hammer.
Are you sure you want to abandon this character and quit the game? (Confirm with "yes".)

##.##
#....<##.#.###..#..
#.#.#
#.....##.#..#.#.###
####.##
########......#.#
#.....# ####.....#
#.##.## #....##
#.##..#
♣♣♣♣♣##.##.####
#.##### ###
♣♣♣.♣......#.#..)
#.#####
#...#♣).♣.......#.#.##
#.....#
#..g+@♣♣♣♣......#.#.#
####### #)).#♣♣
♣♣....##.#.## ###
♣♣##........ ##.###..#
#.##.... #.##...#
#....... ######.#..
#.#######.


You could see Crazy Yiuf.

Vanquished Creatures
  3 gnolls (D:3)
  An adder (D:3)
  2 worms (D:3)
  3 dart slugs
  6 orcs
  3 ball pythons
  9 bats
  3 endoplasms
  4 giant cockroaches
  4 goblins
  4 hobgoblins
  12 jackals
  9 kobolds
  4 quokkas
  7 frilled lizards
  10 rats
84 creatures vanquished.

Vanquished Creatures (others)
  A plant (D:2)
1 creature vanquished.

Grand Total: 85 creatures vanquished

Notes
Turn   | Place    | Note
-------+----------+-------------------------------------------
     0 | D:1      | vishdafish the Demonspawn Conjurer began the quest for the
                  | Orb.
     0 | D:1      | Reached XP level 1. HP: 13/13 MP: 3/3
   372 | D:1      | Found a faded altar of an unknown god.
   374 | D:1      | Gained mutation: You have an unusually large brain. (Int
                  | +2) [demonic ancestry]
   374 | D:1      | Reached XP level 2. HP: 19/19 MP: 3/5
   451 | D:1      | Found an opulent altar of Gozag.
   931 | D:1      | Gained mutation: You have a small tail. [demonic ancestry]
   931 | D:1      | Reached XP level 3. HP: 24/24 MP: 2/6
  1619 | D:2      | Found a broken altar of Ashenzari.
  2817 | D:3      | Gained mutation: You have a tail ending in a sharp stinger.
                  | [demonic ancestry]
  2817 | D:3      | Reached XP level 4. HP: 30/30 MP: 5/8
  3307 | D:3      | Reached skill level 5 in Conjurations
  3690 | D:3      | Found a runed translucent door.
  3691 | D:3      | Noticed Crazy Yiuf
  3932 | D:3      | Gained mutation: A meltable shield of frost defends you.
                  | (SH +4) [demonic ancestry]
  3932 | D:3      | Reached XP level 5. HP: 32/35 MP: 6/10
  4032 | D:3      | Quit the game

Illustrated notes

Levels and vault maps discovered:
D:1:      minmay_arrival_three_doors, layout_rooms,
          dreamdust_ecumenical_altar_angels_and_demons, roderic_lattice_a,
          minmay_hexomino_r4
D:2:      layout_loops_ring, serial_forest, infiniplex_forest_straight_2,
          infiniplex_forest_clump_curved, infiniplex_forest_fountain,
          infiniplex_forest_lined_corner, infiniplex_forest_lined_corner,
          infiniplex_forest_lined_3, infiniplex_forest_end_double, basic_altar,
          minmay_strange_pillars, chequers_serial_rivers_large_b
D:3:      layout_loops_cross, nicolae_overflow_two_pavilions,
          minmay_crystal_room, uniq_crazy_yiuf_cottage

Skill      XL: |  1  2  3  4 |
---------------+-------------+-----
Dodging        | 2 |  2.0
Stealth        | 2 |  2.0
Spellcasting   | 3 |  3.6
Conjurations   | 5 |  5.2

Action                   |  1- 3 |  4- 6 || total
-------------------------+-------+-------++-------
Melee: Short sword       |    66 |     7 ||    73
       Unarmed           |     1 |       ||     1
       Punch             |     1 |       ||     1
       Tailslap          |     4 |     3 ||     7
 Cast: Magic Dart        |    67 |    51 ||   118
  Use: Potion            |     1 |       ||     1
 Stab: Sleeping          |     2 |       ||     2
Armor: Robe              |    22 |       ||    22
Dodge: Dodged            |    60 |     9 ||    69
